 Dungeon Crawl Stone Soup version 0.23.1 (webtiles) character file.

Game seed: 9871739775976988855

179 PMBall the Charmwright (level 5, -9/41 HPs)
             Began as a Barachi Skald on Mar 11, 2019.
             Mangled by an ogre
             ... wielding a +0 giant spiked club
              (23 damage)
             ... on level 4 of the Dungeon.
             The game lasted 00:18:13 (2846 turns).

PMBall the Charmwright (Barachi Skald)              Turns: 2846, Time: 00:18:14

Health: -9/41      AC:  6    Str: 13    XL:     5   Next: 59%
Magic:  8/9        EV:  8    Int: 14    God:
Gold:   157        SH:  6    Dex: 11    Spells: 7/10 levels left

rFire    . . .     SeeInvis .   b - +0 long sword (freeze)
rCold    . . .     Gourm    .   p - +0 shield
rNeg     . . .     Faith    .   q - +0 ring mail
rPois    .         Spirit   .   (no helmet)
rElec    .         Reflect  .   (no cloak)
rCorr    .         Harm     .   e - +0 pair of gloves
MR       .....                  (no boots)
Stlth    +.........             (no amulet)
HPRegen  0.13/turn              (no ring)
MPRegen  0.11/turn              (no ring)

@: can't hop, very slightly contaminated, slow
A: +LOS, swims, slowness 1, strong legs 1
a: Hop


You were on level 4 of the Dungeon.
You were not hungry.

You visited 1 branch of the dungeon, and saw 4 of its levels.

You collected 157 gold pieces.

Inventory:

Hand Weapons
 a - a +0 mace
 b - a +0 long sword of freezing (weapon)
 r - a +0 falchion
 t - a +0 blowgun
Missiles
 u - 5 poisoned needles
Armour
 e - a +0 pair of gloves (worn)
 p - a +0 shield (worn)
 q - a +0 ring mail (worn)
Scrolls
 c - a scroll of random uselessness {unknown}
 f - a scroll of immolation {unknown}
 g - 2 scrolls of fear {unknown}
 h - 4 scrolls of enchant weapon {unknown}
 i - a scroll of remove curse {unknown}
 j - a scroll of blinking {unknown}
 l - 2 scrolls of enchant armour {unknown}
 m - 5 scrolls of amnesia {unknown}
 n - 2 scrolls of identify {unknown}
 o - a scroll of fog {unknown}
Comestibles
 d - 5 rations
 k - 2 chunks of flesh


   Skills:
 + Level 3.1 Fighting
 + Level 2.5 Long Blades
 + Level 2.9 Maces & Flails
 + Level 2.5 Armour
 + Level 3.0 Dodging
 + Level 0.1 Stealth
 + Level 3.0 Spellcasting
 + Level 3.9 Charms


You had 7 spell levels left.
You knew the following spells:

 Your Spells              Type           Power        Failure   Level  Hunger
a - Infusion              Chrm           ##..         52%         1    #......
b - Song of Slaying       Chrm           ##......     67%         2    ##.....

Your spell library contained the following spells:

 Spells                   Type           Power        Failure   Level  Hunger
 Shroud of Golubria       Chrm/Tloc      #.........   91%         2    ##.....
 Flame Tongue             Conj/Fire      #....        97%         1    #......
 Throw Flame              Conj/Fire      #.....       99%         2    ##.....
 Regeneration             Chrm/Necr      #.........   99%         3    ###....
 Spectral Weapon          Hex/Chrm       #.......     99%         3    ###....
 Conjure Flame            Conj/Fire      #.......     100%        3    ###....
 Inner Flame              Hex/Fire       #.......     100%        3    ###....
 Sticky Flame             Conj/Fire      #.......     100%        4    #####..
 Fireball                 Conj/Fire      #.........   100%        5    ######.


Dungeon Overview and Level Annotations

Branches:
Dungeon (4/15)
 Temple: D:4-7

Altars:
Nemelex Xobeh


Innate Abilities, Weirdness & Mutations

Shadows flee at your approach. (+LOS)
You can swim through water.
You cover ground slowly.
You can hop short distances.


Message History

You are very lightly contaminated with residual magic.
Your skin glows momentarily.
You hit the ogre but do no damage. The ogre barely misses you.
You hit the ogre. You freeze the ogre.
The ogre is lightly wounded.
The ogre barely misses you.
You riposte.
You slash the ogre! You freeze the ogre.
The ogre is heavily wounded.
You slash the ogre! You freeze the ogre.
The ogre is almost dead.
You block the ogre's attack.
You hit the ogre but do no damage.
The ogre is almost dead.
The ogre hits you with a +0 giant spiked club!!
Ouch! That really hurt!
You barely miss the ogre.
The ogre is almost dead.
The ogre hits you with a +0 giant spiked club!!
Ouch! That really hurt!
You die...

# #. ########## #.
#........# #..
#........## #.#
#.........##
###..##..........#####
#...O@..............(#
#.!..###.......#....#..
#........###.###..###....
#.... .....###.##....#
#### ###.........##..
#####...###....#.
##...###)###......
##.....##.....#...#
#.......##........#


You could see an ogre.

Vanquished Creatures
  An orc priest (D:4)
  An iguana (D:4)
  3 gnolls
  2 adders (D:3)
  An ooze (D:4)
  A worm (D:3)
  A dart slug (D:3)
  4 leopard geckos
  6 orcs
  5 bats
  5 giant cockroaches
  5 hobgoblins
  4 jackals (D:1)
  5 kobolds
  2 quokkas
  7 frilled lizards
  3 goblins
  4 rats
60 creatures vanquished.

Notes
Turn   | Place    | Note
-------+----------+-------------------------------------------
     0 | D:1      | PMBall the Barachi Skald began the quest for the Orb.
     0 | D:1      | Reached XP level 1. HP: 17/17 MP: 3/3
   117 | D:1      | Reached XP level 2. HP: 17/23 MP: 5/5
   180 | D:1      | Learned a level 2 spell: Song of Slaying
   534 | D:2      | Reached XP level 3. HP: 26/28 MP: 6/6
   603 | D:2      | Found a sparkling altar of Nemelex Xobeh.
  1541 | D:3      | Reached XP level 4. HP: 13/34 MP: 6/8
  1574 | D:3      | HP: 1/34 [poisoned by an adder]
  2240 | D:4      | Reached skill level 1 in Long Blades
  2310 | D:3      | Reached XP level 5. HP: 29/41 MP: 9/9
  2840 | D:4      | Noticed an ogre
  2846 | D:4      | Mangled by an ogre

Skill      XL: |  1  2  3  4  5 |
---------------+----------------+-----
Armour         | 2 |  2.5
Fighting       | 3 |  3.1
Long Blades    | 1 2 |  2.5
Dodging        | 3 |  3.0
Spellcasting   | 3 |  3.0
Maces & Flails | |  2.9
Stealth        | |  0.1
Charms         | |  3.9

Action                   |  1- 3 |  4- 6 || total
-------------------------+-------+-------++-------
Melee: Mace              |   102 |       ||   102
       Falchion          |    29 |    33 ||    62
       Long sword        |       |    49 ||    49
 Fire: Blowgun           |       |     2 ||     2
 Cast: Infusion          |     6 |     4 ||    10
       Song of Slaying   |     2 |     3 ||     5
 Abil: Hop               |       |     3 ||     3
  Use: Potion            |     1 |     4 ||     5
  Eat: Chunk             |     1 |     4 ||     5
       Ration            |       |     1 ||     1
Armor: Leather armour    |    33 |       ||    33
       Ring mail         |    24 |    26 ||    50
Dodge: Dodged            |    88 |    36 ||   124
Block: Shield            |       |     7 ||     7
       Rpst.: Falchion   |     7 |     1 ||     8
       Long sword        |       |    10 ||    10
